 Dungeon Crawl Stone Soup version 0.19-a0-462-g6140235 (webtiles) character file.

95 Ordine the Magician (level 4, -1/24 HPs)
             Began as a Deep Elf Wizard on June 3, 2016.
             Slain by an orc wizard
             ... wielding a +0 dagger
              (2 damage)
             ... on level 3 of the Dungeon.
             The game lasted 00:08:10 (2049 turns).

Ordine the Magician (Deep Elf Wizard)               Turns: 2049, Time: 00:08:10

Health: -1/24      AC:  3    Str:  4    XL:     4   Next: 40%
Magic:  6/14       EV: 13    Int: 24    God:
Gold:   91         SH:  0    Dex: 13    Spells: 5 memorised, 4 levels left

rFire  . . .     SeeInvis .     i - +0 dagger
rCold  . . .     Gourm    .     a - +0 robe
rNeg   . . .     Faith    .     (no shield)
rPois  .         Spirit   .     b - +0 hat
rElec  .         Dismiss  .     (no cloak)
rCorr  .         Reflect  .     g - +0 pair of gloves
SustAt .         Harm     .     (no boots)
MR     .....                    (no amulet)
Stlth  ++........               (no ring)
                                (no ring)

@: about to teleport, not resistant to hostile enchantments, unstealthy
A: no striking features
a: no special abilities


You were on level 3 of the Dungeon.
You were not hungry.

You visited 1 branch of the dungeon, and saw 3 of its levels.

You collected 91 gold pieces.

Inventory:

Hand Weapons
 i - a +0 dagger (weapon)
Armour
 a - a +0 robe (worn)
 b - a +0 hat (worn)
 g - a +0 pair of gloves (worn)
Potions
 e - a potion of curing
 f - a potion of heal wounds
 h - 3 potions of flight {unknown}
 l - a potion of cure mutation {unknown}
Books
 c - a book of Minor Magic

   Spells                             Type                      Level
   a - Magic Dart                     Conjuration                  1
   b - Blink                          Translocation                2
   c - Call Imp                       Summoning                    2
   d - Repel Missiles                 Charms/Air                   2
   e - Slow                           Hexes                        2
   f - Conjure Flame                  Conjuration/Fire             3
   g - Mephitic Cloud                 Conjuration/Poison/Air       3
Comestibles
 d - 3 bread rations
 j - 7 chunks of flesh


   Skills:
 - Level 2.4 Dodging
 - Level 2.4 Stealth
 * Level 6.0 Spellcasting
 + Level 2.7 Conjurations
   Level 1.1 Summonings
 + Level 2.0 Translocations


You had 4 spell levels left.
You knew the following spells:

 Your Spells              Type           Power        Failure   Level  Hunger
a - Magic Dart            Conj           ###.         2%          1    None
b - Blink                 Tloc           N/A          6%          2    None
c - Conjure Flame         Conj/Fire      ##......     17%         3    #......
d - Mephitic Cloud        Conj/Pois/Air  ##......     21%         3    #......
e - Repel Missiles        Chrm/Air       #.....       12%         2    None


Dungeon Overview and Level Annotations

Branches:
Dungeon (3/15)

Altars:


Message History

The magic dart hits the orc wizard.
The orc wizard is moderately wounded.
The orc wizard hits you but does no damage.
The orc wizard hits you with a dagger. x3
* * * LOW HITPOINT WARNING * * *
The orc wizard closely misses you.
Casting: Magic Dart
Confirm with . or Enter, or press ? or * to list all spells.
Aiming: Magic Dart
Press: ? - help, Shift-Dir - straight line, f/p - orc wizard
Aim: an orc wizard, wielding a dagger and wearing a robe (moderately wounded, fast)
The magic dart hits the orc wizard.
The orc wizard is heavily wounded.
You feel yourself speed up.
The orc wizard points at you and mumbles some strange words.
The magic dart hits you!
* * * LOW HITPOINT WARNING * * *
The orc wizard barely misses you. The orc wizard closely misses you.
The orc wizard hits you with a dagger.
You die...

#.##...##....... ####
#.####..#....... ##..# #..#
##..÷.>.... ##...# ##.##
##.#####.# #....# #..#
#...### # #)...## ##.##
###...#.# #.....##
#..#######....
##.....########......)).?..
##....†..o@o.......######o#
#.......####).####..# .#
##.......# ##.# ##r... o
#........# #..# ###.# .
#.......## ##... #
#......## ###. . #......# #
.. #......####### ..
#...÷<........ .#


You could see 2 orc wizards.

Vanquished Creatures
  5 adders
  A worm (D:2)
  2 dart slugs
  A giant gecko (D:3)
  4 orcs (D:3)
  8 bats
  A giant cockroach (D:3)
  5 goblins
  2 hobgoblins
  A quokka (D:2)
  2 ball pythons
  2 giant newts (D:1)
  3 kobolds (D:2)
  3 rats
40 creatures vanquished.

Notes
Turn   | Place    | Note
--------------------------------------------------------------
     0 | D:1      | Ordine the Deep Elf Wizard began the quest for the Orb.
     0 | D:1      | Reached XP level 1. HP: 10/10 MP: 7/7
   460 | D:1      | You fall through a shaft!
   474 | D:2      | Reached skill level 5 in Spellcasting
   474 | D:2      | Reached XP level 2. HP: 7/15 MP: 2/10
   623 | D:2      | Learned a level 2 spell: Blink
   626 | D:2      | Learned a level 2 spell: Repel Missiles
   693 | D:2      | Reached XP level 3. HP: 19/19 MP: 6/11
  1378 | D:2      | Learned a level 3 spell: Conjure Flame
  1382 | D:2      | Learned a level 3 spell: Mephitic Cloud
  1867 | D:3      | Reached XP level 4. HP: 24/24 MP: 10/13
  2012 | D:3      | Reached skill level 6 in Spellcasting
  2049 | D:3      | HP: 1/24 [orc wizard/magic dart (4)]
  2049 | D:3      | Slain by an orc wizard

Vault maps used:
D:1:      sevenhm_arrival_forest_fort_small_6
D:2:      first_bread
D:3:      marbit_many_paths

Skill      XL: |  1  2  3  4 |
---------------+-------------+-----
Spellcasting   | 5 6 |  6.0
Conjurations   | 2 |  2.7
Translocations | 2 |  2.0
Dodging        | |  2.4
Stealth        | |  2.4
Summonings     | |  1.1

Action                   |  1- 3 |  4- 6 || total
-------------------------+-------+-------++-------
 Cast: Magic Dart        |    66 |    29 ||    95
       Repel Missiles    |     1 |       ||     1
  Use: Scroll            |     4 |     4 ||     8
  Eat: Chunk             |     3 |       ||     3
Armor: Robe              |     3 |     2 ||     5
Dodge: Dodged            |     7 |     7 ||    14
       Deflected         |     1 |       ||     1
